 Dungeon Crawl Stone Soup version 0.18-a0-1378-g7babcad (webtiles) character file.

846 Oddball22 the Skirmisher (level 7, -5/58 HPs)
             Began as a Demonspawn Necromancer on Feb 22, 2016.
             Slain by an orc warrior
             ... wielding a +0 long sword
              (14 damage)
             ... on level 5 of the Dungeon.
             The game lasted 00:15:45 (5017 turns).

Oddball22 the Skirmisher (Demonspawn Necromancer)   Turns: 5017, Time: 00:15:45

Health: -5/58      AC:  2    Str:  8    XL:     7   Next: 68%
Magic:  10/10      EV: 14    Int: 17    God:
Gold:   193        SH:  0    Dex: 15    Spells: 4 memorised, 2 levels left

rFire  . . .     SeeInvis .     n - +1 spear (venom)
rCold  + . .     Gourm    .     a - +0 robe
rNeg   . . .     Faith    .     (no shield)
rPois  +         Spirit   .     (no helmet)
rElec  .         Dismiss  .     (no cloak)
rCorr  .         Reflect  .     (no gloves)
SustAt .         Harm     .     (no boots)
MR     .....                    (no amulet)
Stlth  +.........               (no ring)
                                s - ring of poison resistance

@: confused, not resistant to hostile enchantments, very unstealthy
A: talons 1, cold resistance 1, wild magic 1
a: no special abilities


You were on level 5 of the Dungeon.
You were hungry.

You visited 1 branch of the dungeon, and saw 5 of its levels.

You collected 193 gold pieces.

Inventory:

Hand Weapons
 n - a +1 spear of venom (weapon)
 v - a +1 vampiric whip
Missiles
 w - 6 tomahawks (quivered)
Armour
 a - a +0 robe (worn)
Jewellery
 s - a ring of poison resistance (left hand)
Wands
 k - a wand of hasting (3/9)
 p - a wand of random effects (30/48)
 q - a wand of random effects (22/48)
Scrolls
 d - 2 scrolls of teleportation
 e - 2 scrolls of remove curse
 j - a scroll of noise {unknown}
 l - 2 scrolls of identify
 m - 3 scrolls of amnesia {unknown}
 o - a scroll of blinking
 t - a scroll of random uselessness {unknown}
 u - a scroll of vulnerability {unknown}
Potions
 f - a potion of beneficial mutation
 i - a potion of brilliance {unknown}
 r - a potion of flight {unknown}
 x - 2 potions of ambrosia
Books
 b - a book of Necromancy

   Spells                             Type                      Level
   a - Pain                           Necromancy                   1
   b - Animate Skeleton               Necromancy                   1
   c - Vampiric Draining              Necromancy                   3
   d - Regeneration                   Charms/Necromancy            3
   e - Animate Dead                   Necromancy                   4
   f - Control Undead                 Necromancy                   4
Comestibles
 c - 4 bread rations
 g - 2 beef jerkies
 h - 2 meat rations


   Skills:
 * Level 6.2 Fighting
 + Level 4.1 Dodging
 - Level 1.7 Stealth
 + Level 3.5 Unarmed Combat
 - Level 2.0 Spellcasting
 - Level 4.3 Necromancy


You had 2 spell levels left.
You knew the following spells:

 Your Spells              Type           Power        Failure   Level  Hunger
a - Pain                  Necr           ###.         9%          1    #......
b - Animate Skeleton      Necr           N/A          9%          1    #......
c - Vampiric Draining     Necr           ###.......   22%         3    ###....
d - Regeneration          Chrm/Necr      ##........   38%         3    ###....


Dungeon Overview and Level Annotations

Branches:
Dungeon (5/15)
 Temple: D:4-7

Altars:
Gozag

Shops:
D:4 *

Annotations:
D:3 ZiggyStardust's ghost, amateur OgWz


Innate Abilities, Weirdness & Mutations

You have sharp toenails.
Your flesh is cold resistant.
Your spells are a little harder to cast, but a little more powerful.


Message History

You destroy the worker ant zombie!
An orc warrior comes into view. It is wielding a long sword.
Items here: )) [ †† a dagger; a leather armour; a dagger; an orc corpse x2
Butcher an orc corpse? [(y)es/(c)hoosy/(n)o/(a)ll/(e)dible/(q)uit/?]
You butcher the orc corpse. x2
The orc warrior shouts!
Items here: %% )) [ ÷÷ Drink which item? (? for menu, Esc to quit)
You are confused.
You feel invigorated.
You puncture the orc warrior!
The orc warrior is poisoned.
You claw the orc warrior, but do no damage.
The orc warrior is moderately wounded.
The orc warrior hits you with a long sword!!
* * * LOW HITPOINT WARNING * * *
You closely miss the orc warrior. Your kick misses the orc warrior.
The orc warrior is moderately wounded.
The orc warrior hits you with a long sword!
You die...

# #. # .. #. #.
#.#. .# #..
##.##..##.##..P
...#........$P
#...#...#...
#))........
##.#?..###
#o...%#
##@....# #.
##.####.#
#.###.#####.#
#...###.##.#
##.....#.#.#
#.# ######.##.#
#.# #.##.######
#.# #.##......#
#.# #.....#


You could see an orc warrior.

Vanquished Creatures
  An eye of draining (D:4)
  An ogre (D:4)
  A scorpion (D:4)
  2 crimson imps (D:5)
  An orc priest (D:4)
  A hound (D:4)
  A giant frog skeleton (D:5)
  4 orc wizards
  4 worker ants
  A worker ant zombie (D:5)
  8 gnolls
  7 adders
  2 oozes
  An adder skeleton (D:4)
  A worm (D:2)
  7 giant geckos
  14 orcs
  4 giant cockroaches
  8 goblins
  5 hobgoblins
  5 jackals
  8 bats
  5 giant newts
  5 kobolds
  6 rats
103 creatures vanquished.

Notes
Turn   | Place    | Note
--------------------------------------------------------------
     0 | D:1      | Oddball22 the Demonspawn Necromancer began the quest for the Orb.
     0 | D:1      | Reached XP level 1. HP: 13/13 MP: 3/3
   104 | D:1      | Reached skill level 1 in Fighting
   365 | D:1      | Gained mutation: Your flesh is cold resistant. [demonic ancestry]
   365 | D:1      | Reached XP level 2. HP: 18/21 MP: 5/5
   458 | D:1      | HP: 1/21 [ooze (2)]
   462 | D:1      | Gained mutation: Your spells are a little harder to cast, but a little more powerful. [potion of beneficial mutation]
   557 | D:1      | Reached skill level 1 in Unarmed Combat
  1090 | D:1      | Reached XP level 3. HP: 24/27 MP: 2/6
  1749 | D:2      | Gained mutation: You have sharp toenails. [demonic ancestry]
  1749 | D:2      | Reached XP level 4. HP: 32/34 MP: 4/7
  1864 | D:2      | Learned a level 1 spell: Animate Skeleton
  1868 | D:2      | Learned a level 3 spell: Vampiric Draining
  2643 | D:3      | Noticed ZiggyStardust's ghost (amateur OgWz)
  2654 | D:3      | Reached XP level 5. HP: 32/41 MP: 2/8
  3240 | D:4      | Reached XP level 6. HP: 24/48 MP: 3/9
  3718 | D:4      | Learned a level 3 spell: Regeneration
  3887 | D:4      | Reached skill level 5 in Fighting
  4156 | D:4      | Found an opulent altar of Gozag.
  4368 | D:4      | Reached XP level 7. HP: 49/56 MP: 5/10
  4603 | D:4      | Found Biatoif's General Store.
  4630 | D:5      | Entered Level 5 of the Dungeon
  4898 | D:5      | Reached skill level 6 in Fighting
  5017 | D:5      | Slain by an orc warrior

Vault maps used:
D:1:      dpeg_arrival_solitude
D:3:      first_bread, minmay_misc_feat_alley
D:4:      serial_shops, shop, dk_noncrumbling_2, grunt_ministairs_1,
          nicolae_gozag_cash_rules_everything_around_me
D:5:      nicolae_overflow_quartered_altars, fedhas_bush_and_centaur_altar

Action                   |  1- 3 |  4- 6 |  7- 9 || total
-------------------------+-------+-------+-------++-------
Melee: Unarmed           |     9 |       |       ||     9
       Short sword       |    23 |    11 |       ||    34
       Spear             |       |   105 |    96 ||   201
 Cast: Pain              |    63 |    62 |    13 ||   138
       Animate Skeleton  |       |     1 |       ||     1
       Vampiric Draining |       |     1 |       ||     1
  Use: Scroll            |     3 |     1 |     2 ||     6
       Potion            |     2 |     1 |     1 ||     4
 Stab: Sleeping          |       |     2 |     1 ||     3
       Distracted        |       |       |     1 ||     1
  Eat: Chunk             |     4 |     8 |     3 ||    15
